 Dungeon Crawl Stone Soup version 0.24-a0-201-gf205589 (webtiles) character file.

Game seed: 6661130607094520673

349 Ijustatesigmund the Conjurer (level 6, -2/41 HPs)
             Began as an Octopode Wizard on Mar 20, 2019.
             Killed from afar by Dowan (18 damage)
             ... with a shard of ice
             ... on level 4 of the Dungeon.
             The game lasted 00:08:57 (4496 turns).

Ijustatesigmund the Conjurer (Octopode Wizard)      Turns: 4496, Time: 00:08:59

Health: -2/41      AC:  3    Str:  6    XL:     6   Next: 60%
Magic:  7/10       EV: 19    Int: 21    God:
Gold:   192        SH:  0    Dex: 17    Spells: 5/11 levels left

rFire    . . .     SeeInvis .   d - +6 short sword
rCold    + . .     Gourm    .   (no shield)
rNeg     . . .     Faith    .   a - +2 hat
rPois    .         Spirit   .   (no amulet)
rElec    .         Reflect  .   e - ring of protection from cold (curse)
rCorr    .         Harm     .   (no ring)
MR       .....                  (no ring)
Stlth    ++++......             (no ring)
HPRegen  0.13/turn              (no ring)
MPRegen  0.12/turn              (no ring)
                                (no ring)
                                (no ring)

@: agile
A: almost no armour, stealthy swim, amphibious, 8 rings, constrict 8, camouflage
1, gelatinous body 1
a: no special abilities


You were on level 4 of the Dungeon.
You were hungry.

You visited 1 branch of the dungeon, and saw 4 of its levels.

You collected 192 gold pieces.

Inventory:

Hand Weapons
 d - a +6 short sword (weapon)
Missiles
 f - a javelin (quivered)
Armour
 a - a +2 hat (worn)
Jewellery
 e - a cursed ring of protection from cold (left tentacle)
Scrolls
 g - a scroll of enchant armour
 k - a scroll of fear
 l - a scroll of remove curse
 m - a scroll of teleportation
 n - a scroll of identify
Potions
 b - a potion of ambrosia
 h - a potion of curing
 j - a potion of agility
Comestibles
 c - 10 rations


   Skills:
 - Level 2.7 Fighting
 + Level 2.5 Short Blades
 - Level 2.0 Dodging
 - Level 2.6 Stealth
 - Level 3.0 Spellcasting
 - Level 3.1 Conjurations
   Level 1.0 Summonings
 - Level 2.7 Translocations
 + Level 2.5 Fire Magic


You had 5 spell levels left.
You knew the following spells:

 Your Spells              Type           Power        Failure   Level  Hunger
a - Magic Dart            Conj           ###.         3%          1    None
b - Blink                 Tloc           N/A          7%          2    ##.....
c - Conjure Flame         Conj/Fire      ##......     13%         3    ###....

Your spell library contained the following spells:

 Spells                   Type           Power        Failure   Level  Hunger
 Call Imp                 Summ           #.......     13%         2    ##.....
 Slow                     Hex            #.......     21%         2    ##.....
 Mephitic Cloud           Conj/Pois/Air  #.......     26%         3    ###....


Dungeon Overview and Level Annotations

Branches:
Dungeon (4/15)
 Temple: D:4-7

Altars:
Dithmenos
Hepliaklqana
The Shining One

Annotations:
D:4 Dowan


Innate Abilities, Weirdness & Mutations

You cannot wear most types of armour.
You are very stealthy in the water. (Stealth+)
You are amphibious.
You can wear up to eight rings at the same time.
You can use your tentacles to constrict eight enemies at once.
Your skin changes colour to match your surroundings (Stealth+).
Your rubbery body absorbs attacks. (AC +1, EV +1)


Message History

Your Short Blades skill increases to level 2!
Your Fire Magic skill increases to level 2!
Okay, then.
Casting: Magic Dart (safe; 3% risk of failure)
Confirm with . or Enter, or press ? or * to list all spells.
Aiming: Conjure Flame (safe; 13% risk of failure)
Press: ? - help, Dir - move target cursor The fire ignites!
A hound comes into view.
You aren't carrying any items that you can evoke.
Throwing (i - inventory)
f - 2 javelins (quivered)
Press: ? - help, Shift-Dir - straight line, f - Dowan
Aim: Dowan, wielding a +0 dagger and wearing a +0 robe (fast)
You throw a javelin. The hound barks!
The javelin hits Dowan!
Dowan is moderately wounded.
Dowan gestures at you while chanting. The shard of ice hits you!!
You partially resist.
You die...

.#######.#
S.e.....(#
..$.....($
........#.#
######h#.#
#e#.#
#ยง#.#
#.#.# #@#
####.#
#....#
#.#### #.#
#.# #.# #.#
#.#


You could see Dowan and a hound.

Vanquished Creatures
  Duvessa (D:4)
  A phantom (D:2)
  Jessica (D:2)
  Robin (D:2)
  4 adders
  3 worms (D:2)
  3 dart slugs (D:1)
  3 leopard geckos
  5 giant cockroaches
  17 goblins
  7 hobgoblins
  8 kobolds
  4 bats (D:2)
  4 frilled lizards
  10 rats
72 creatures vanquished.

Notes
Turn   | Place    | Note
-------+----------+-------------------------------------------
     0 | D:1      | Ijustatesigmund the Octopode Wizard began the quest for the
                  | Orb.
     0 | D:1      | Reached XP level 1. HP: 11/11 MP: 4/4
   591 | D:1      | Reached skill level 1 in Fighting
   591 | D:1      | Reached XP level 2. HP: 18/18 MP: 0/6
   603 | D:1      | Learned a level 2 spell: Blink
  1203 | D:1      | Reached XP level 3. HP: 10/23 MP: 0/7
  1372 | D:1      | Learned a level 3 spell: Conjure Flame
  1824 | D:2      | Noticed Jessica
  1832 | D:2      | Killed Jessica
  1832 | D:2      | Reached XP level 4. HP: 4/29 MP: 4/8
  2110 | D:2      | Noticed a phantom
  2138 | D:2      | Killed a phantom
  2138 | D:2      | Reached XP level 5. HP: 13/35 MP: 1/9
  2421 | D:2      | Found a hazy altar of Hepliaklqana.
  2458 | D:2      | Noticed Robin
  2492 | D:2      | Killed Robin
  2723 | D:2      | Reached skill level 1 in Short Blades
  2723 | D:2      | Reached skill level 1 in Fire Magic
  2912 | D:2      | Found a shadowy altar of Dithmenos.
  2912 | D:2      | Found a glowing golden altar of the Shining One.
  2999 | D:2      | Reached XP level 6. HP: 37/41 MP: 10/10
  4293 | D:4      | Noticed Dowan
  4294 | D:4      | Noticed Duvessa
  4493 | D:4      | Killed Duvessa
  4496 | D:4      | Killed from afar by Dowan

Levels and vault maps discovered:
D:1:      shiori_arrival_maze, layout_basic
D:2:      layout_basic, lemuel_crystal_altar,
          gammafunk_temple_overflow_elements, first_ration, uniq_jessica,
          uniq_robin
D:3:      layout_basic
D:4:      layout_loops_ring, uniq_duvessa, uniq_sigmund

Skill      XL: |  1  2  3  4  5  6 |
---------------+-------------------+-----
Fighting       | 1 2 |  2.7
Conjurations   | 2 3 |  3.1
Translocations | 2 |  2.7
Short Blades   | 1 2 |  2.5
Fire Magic     | 1 2 |  2.5
Dodging        | |  2.0
Stealth        | |  2.6
Spellcasting   | |  3.0
Summonings     | |  1.0

Action                   |  1- 3 |  4- 6 || total
-------------------------+-------+-------++-------
Melee: Club              |     4 |       ||     4
       Constrict         |     9 |    22 ||    31
       Mace              |    26 |    16 ||    42
       Tentacles         |     4 |     8 ||    12
       Short sword       |       |    72 ||    72
Throw: Javelin           |       |     6 ||     6
 Cast: Magic Dart        |    54 |    29 ||    83
       Conjure Flame     |       |     2 ||     2
  Use: Scroll            |     1 |    10 ||    11
       Potion            |       |     2 ||     2
 Stab: Sleeping          |     2 |     4 ||     6
  Eat: Chunk             |     3 |     4 ||     7
       Ration            |       |     1 ||     1
Armor: Skin              |     4 |    10 ||    14
Dodge: Dodged            |    27 |    54 ||    81

Table legend:
 A = Non-vault XP
 B = Vault XP
 C = Vault XP percentage of total XP
 D = Non-vault monster count
 E = Vault monster count
 F = Vault count percentage of total count
                 A         B        C        D         E       F
            +---------+---------+-------+---------+---------+-------
      Total |     282 |     217 |  43.5 |      57 |      15 |  20.8
            +---------+---------+-------+---------+---------+-------
        D:1 |      47 |       2 |   4.1 |      24 |       2 |   7.7
        D:2 |     210 |      73 |  25.8 |      26 |      12 |  31.6
        D:3 |      22 |       0 |   0.0 |       6 |       0 |   0.0
        D:4 |       3 |     142 |  97.9 |       1 |       1 |  50.0
            +---------+---------+-------+---------+---------+-------
